AoeStats
← MatzeAoE

Black Forest

505721117Analyzed
1v1 RM · 22d ago on Sep 10, 2026· 38m 33s· 2 players
Game mode
Random Map
Map size
Tiny (2 player)
Population
200
Speed
Normal
Resources
Standard
Victory
Conquest
Starting age
Dark Age
Ending age
Imperial Age
RankedLock teamsTeams togetherTeam positionsShared explorationLock speedFull tech treeHidden civsTurbo modeCheats
Victory
Defeat
🇲🇽 Huns · Mexico
2174
+17
🇩🇪 Hindustanis · Germany
2193
-17
CTM | Lelouch
0:39 Loom
13:48 Feudal Age
15:39 Double-Bit Axe
18:29 Castle Age
17:35 Fishing Lines
18:29 Gold Mining
19:23 Bow Saw
19:28 Horse Collar
22:57 Gillnets
25:25 Wheelbarrow
26:50 Hand Cart
29:57 Imperial Age
28:54 Gold Shaft Mining
28:09 Stone Mining
28:45 Heavy Plow
30:35 Fletching
31:48 Chemistry
31:06 Scale Barding Armor
31:11 Forging
30:56 Capped Ram
31:46 Scale Mail Armor
31:47 Bodkin Arrow
31:49 Siege Ram
33:03 Scale Mail Armor
33:13 Forging
33:05 Bracer
33:29 Conscription
32:29 Elite Tarkan
33:26 Scale Mail Armor
33:36 Forging
34:12 Chain Barding Armor
34:11 Padded Archer Armor
33:52 Pikeman
34:32 Squires
34:17 Arson
34:46 Husbandry
34:57 Bloodlines
35:31 Marauders
36:59 Two-Man Saw
37:03 Iron Casting
37:03 Plate Barding Armor
37:41 Plate Barding Armor
39:02 Guilds
39:22 Coinage
MatzeAoE
1:40 Loom
13:27 Feudal Age
13:59 Double-Bit Axe
14:36 Fletching
19:26 Town Watch
19:59 Fishing Lines
25:23 Castle Age
26:28 Gillnets
28:21 Gold Mining
29:53 Fortified Wall
32:23 Imperial Age
30:28 Wheelbarrow
31:15 Gold Shaft Mining
30:31 Stone Mining
32:48 Town Patrol
33:04 Hand Cart
33:32 Masonry
34:24 Chemistry
33:30 Siege Engineers
33:25 Onager
34:08 Horse Collar
35:59 Grand Trunk Road
36:20 Conscription
36:33 Heavy Plow
36:48 Masonry
36:34 Bodkin Arrow
36:41 Padded Archer Armor
36:55 Shatagni
37:33 Elite Ghulam
37:40 Pikeman
38:02 Heavy Camel Rider
Connection lost

Rejoining the realm…

Still unreachable

The connection could not be restored.

Session expired

The server has moved on; the page needs a fresh start.